 Dungeon Crawl Stone Soup version 0.25.0-33-gff14898491 (webtiles) character file.

Game seed: 11522185596227364531

(classic levelgen) 132 EnegeticOcto the Chopper (level 4, 35/40 HPs)
             Began as a Deep Dwarf Fighter on July 5, 2020.
             Was a Follower of Uskayaw.
             Quit the game on level 4 of the Dungeon on July 7, 2020.
             The game lasted 00:04:18 (532 turns).

EnegeticOcto the Chopper (Deep Dwarf Fighter)        Turns: 532, Time: 00:04:19

Health: 35/40      AC:  6    Str: 20    XL:     4   Next: 92%
Magic:  3/6        EV: 22    Int:  9    God:    Uskayaw [*.....]
Gold:   71         SH:  9    Dex: 12    Spells: 3/3 levels left

rFire    . . .     SeeInvis .   a - +0 war axe
rCold    . . .     Gourm    .   c - +0 kite shield
rNeg     . . .     Faith    .   b - +0 scale mail
rPois    .         Spirit   .   (no helmet)
rElec    .         Reflect  .   (no cloak)
rCorr    .         Harm     .   (no gloves)
MR       .....                  (no boots)
Stlth    ..........             f - amulet of the acrobat
HPRegen  0.00/turn              (no ring)
MPRegen  0.10/turn              (no ring)

@: acrobat, non-regenerating
A: damage resistance, heal wounds, sense surroundings 1, no regeneration
a: Heal Wounds, Stomp, Renounce Religion


You were on level 4 of the Dungeon.
You worshipped Uskayaw.
Uskayaw was noncommittal.
You were not hungry.

You visited 1 branch of the dungeon, and saw 4 of its levels.

You collected 71 gold pieces.

Inventory:

Hand Weapons
 a - a +0 war axe (weapon)
Missiles
 i - a throwing net (quivered) {!f}
 k - 7 boomerangs
Armour
 b - a +0 scale mail (worn)
 c - a +0 kite shield (worn)
Jewellery
 f - an amulet of the acrobat (around neck)
Scrolls
 g - 2 scrolls of blinking {@r4}
 j - a scroll of remove curse {@r2}
 l - a scroll of identify {unknown}
 m - a scroll of teleportation {@r3 !r}
Potions
 d - 2 potions of might {@q3 !q}
 h - a potion of lignification {unknown}
Comestibles
 e - a ration


   Skills:
 - Level 2.6 Fighting
 + Level 5.0 Axes
 - Level 3.2 Armour
 - Level 3.2 Shields
 + Level 3.0 Invocations


You had 3 spell levels left.
You didn't know any spells.
Your spell library was empty.

Dungeon Overview and Level Annotations

Branches:
Dungeon (4/15)
 Temple: D:4-7

Altars:
Ashenzari
Cheibriados
Dithmenos
Fedhas
Kikubaaqudgha
Okawaru
Sif Muna
Uskayaw
Yredelemnul


Innate Abilities, Weirdness & Mutations

You are resistant to damage.
You can heal yourself by infusing magical energy.
You passively map a small area around you.
You do not regenerate.


Message History

The worm is almost dead.
You slash the goblin!
You kill the goblin!
Your scale mail prevents you from hitting the orc.
The orc hits you with a +0 flail. The worm bites you!
You block the dart slug's attack.
You can now pass through a line of other dancers.
Your shield prevents you from hitting the worm.
The worm is severely wounded.
You hit the orc. You hit the dart slug.
You kill the dart slug!
The orc hits you with a +0 flail. The worm bites you.
You stomp with the beat, sending a shockwave through the revelers around you!
You kill the worm!
You kill the orc!
You feel somewhat more hungry.
You can no longer pass through a line of other dancers.
You can now pass through a line of other dancers.
You can no longer pass through a line of other dancers.
You now have 71 gold pieces (gained 4).
As you open the door, it creaks loudly!
There is an open door here.
As you open the door, it creaks loudly! 3 orcs and an orc priest come into view.
The orc shouts! x2; The orc priest shouts!
Found a stone staircase leading down.
You slash the orc!
You kill the orc!
You block the orc priest's attack.
You hit the orc priest but do no damage.
The orc priest hits you with a +0 war axe.
Your shield and scale mail prevent you from hitting the orc priest.
The orc priest mumbles some strange prayers to Beogh against you.
Beogh smites you!
* * * LOW HITPOINT WARNING * * *
You stomp with the beat, sending a shockwave through the revelers around you!
The orc priest is heavily wounded.
You feel somewhat more hungry.
You can no longer stomp with the beat.
The orc priest hits you but does no damage.
You can now stomp with the beat.
You feel much better.
The orc priest hits you with a +0 war axe!
Your shield prevents you from hitting the orc priest.
The orc priest is heavily wounded.
The orc priest hits you with a +0 war axe.
You closely miss the orc priest.
The orc priest is heavily wounded.
The orc priest closely misses you.
You hit the orc priest.
The orc priest is severely wounded.
You block the orc priest's attack.
You closely miss the orc priest.
The orc priest is severely wounded.
A kobold comes into view. It is wielding a +0 long sword.
The orc priest closely misses you.
You hit the orc priest.
The orc priest is almost dead.
You block the orc priest's attack.
You slash the orc priest!
You kill the orc priest!
Your Invocations skill increases to level 3!
You block the orc's attack.
You can now pass through a line of other dancers.
You slash the orc!
You kill the orc!
You closely miss the orc. The orc hits you with a +0 whip. x2
You hit the orc.
The orc is heavily wounded.
The orc barely misses you.
Uskayaw will force your foes to helplessly watch your dance.
Uskayaw prepares the audience for your solo!
The helpless orc fails to defend itself.
You hit the orc.
You kill the orc!
The kobold is no longer paralysed.
You closely miss the kobold. You block the kobold's attack.
Your shield and scale mail prevent you from hitting the kobold.
The kobold hits you with a +0 long sword.
You barely miss the kobold.
The kobold hits you with a +0 long sword.
You hit the kobold.
You kill the kobold!
Your Axes skill increases to level 5!
There is an open door, spattered with blood here.
Items here: ))))) [[[ †††
Okay, then.
There is a stone staircase leading down here.
You feel much better.
You can no longer pass through a line of other dancers.
You climb downwards.
There is a stone staircase leading up here.
Saving game... please wait.
Welcome back, EnegeticOcto the Deep Dwarf Fighter.
Uskayaw says: Surrender yourself to the rhythm!
Press ? for a list of commands and other information.
Saving game... please wait.
Welcome back, EnegeticOcto the Deep Dwarf Fighter.
Uskayaw says: Surrender yourself to the rhythm!
Press ? for a list of commands and other information.
Are you sure you want to abandon this character and quit the game? (Confirm with "yes".)

..#*
, ,
#.. ,
..##
,
#..#
*
..##
*#..#
,
#<.##
,
##..#
* *
#.@#
**,,
, ,,
##..#
, , ,
*
##.#
, ,,
*.. ,
, ,
*#..
, ..#
,,
#.. ,
, ..#
, ,


There were no monsters in sight!

Vanquished Creatures
  An orc priest (D:3)
  4 adders
  An ooze (D:2)
  A worm (D:3)
  2 dart slugs
  2 leopard geckos
  11 orcs (D:3)
  A bat (D:3)
  A giant cockroach (D:3)
  6 goblins
  6 hobgoblins
  A frilled lizard (D:2)
  4 kobolds (D:3)
  3 rats
44 creatures vanquished.

Notes
Turn   | Place    | Note
-------+----------+-------------------------------------------
     0 | D:1      | EnegeticOcto the Deep Dwarf Fighter began the quest for the
                  | Orb.
     0 | D:1      | Reached XP level 1. HP: 20/20 MP: 1/1
   110 | D:2      | Reached skill level 3 in Axes
   129 | D:2      | Reached XP level 2. HP: 25/27 MP: 2/2
   234 | D:2      | Found a shadowy altar of Dithmenos.
   251 | D:2      | Found a shadowy altar of Dithmenos.
   252 | D:2      | Found an iron altar of Okawaru.
   252 | D:2      | Found a blossoming altar of Fedhas.
   252 | D:2      | Found a hide-covered altar of Uskayaw.
   252 | D:2      | Found a shimmering blue altar of Sif Muna.
   253 | D:2      | Found a snail-covered altar of Cheibriados.
   255 | D:2      | Found a basalt altar of Yredelemnul.
   256 | D:2      | Found an ancient bone altar of Kikubaaqudgha.
   257 | D:2      | Found a shattered altar of Ashenzari.
   260 | D:2      | Reached skill level 4 in Axes
   260 | D:2      | Reached XP level 3. HP: 24/33 MP: 3/3
   263 | D:2      | Became a worshipper of Uskayaw the Reveler
   371 | D:3      | Reached * piety under Uskayaw
   372 | D:3      | Reached ** piety under Uskayaw
   373 | D:3      | Reached skill level 1 in Invocations
   374 | D:3      | Reached *** piety under Uskayaw
   376 | D:3      | Reached **** piety under Uskayaw
   415 | D:3      | Reached XP level 4. HP: 15/40 MP: 3/5
   422 | D:3      | Reached skill level 2 in Invocations
   511 | D:3      | Reached skill level 3 in Invocations
   519 | D:3      | Reached skill level 5 in Axes
   532 | D:4      | Upgraded the game from 0.25.0-26-g0c896c7088 to
                  | 0.25.0-33-gff14898491
   532 | D:4      | Quit the game

Illustrated notes

Levels and vault maps discovered:
D:1:      co_arrival_square_in_a_square_in_a_square, layout_basic,
          corner_web_ring
D:2:      layout_loops_ring, minitemple, grunt_dithmenos_smoke,
          uniq_crazy_yiuf_cottage
D:3:      kennysheep_six_static_rooms, layout_basic, first_ration
D:4:      layout_cave_pods, lemuel_coloured_pillars_altar, serial_shops, shop,
          minmay_unequal, uniq_robin, uniq_pikel

Skill      XL: |  1  2  3  4 |
---------------+-------------+-----
Axes           | 3 4 5 |  5.0
Invocations    | 1 3 |  3.0
Fighting       | |  2.6
Armour         | |  3.2
Shields        | |  3.2

Action                   |  1- 3 |  4- 6 || total
-------------------------+-------+-------++-------
Melee: War axe           |    52 |    32 ||    84
Invok: Stomp             |     1 |     3 ||     4
 Abil: Heal Wounds       |       |     3 ||     3
  Use: Scroll            |     4 |       ||     4
 Stab: Paralysed         |     2 |     2 ||     4
Armor: Scale mail        |    41 |    10 ||    51
Dodge: Dodged            |    56 |    15 ||    71
Block: Kite shield       |    46 |    26 ||    72
